 Dungeon Crawl Stone Soup version 0.27.0-1-g7a089689b8 (webtiles) character file.

Game seed: 3315274132218500998

96 dolemite99 the Poker (level 4, -7/29 HPs)
             Began as a Demonspawn Gladiator on Aug 8, 2021.
             Was a Follower of Hepliaklqana.
             Killed by divine providence
             ... invoked by an orc priest
              (15 damage)
             ... on level 3 of the Dungeon.
             The game lasted 00:03:40 (2398 turns).

dolemite99 the Poker (Demonspawn Gladiator)         Turns: 2398, Time: 00:03:41

Health: -7/29      AC:  7    Str: 15    XL:     4   Next: 41%
Magic:  4/4        EV: 12    Int: 10    God:    Hepliaklqana [*.....]
Gold:   132        SH:  0    Dex: 14    Spells: 3/3 levels left

rFire    . . .     SeeInvis .   b - +1 dagger (drain)
rCold    + . .     Faith    .   (no shield)
rNeg     . . .     Spirit   .   g - +0 leather armour
rPois    .         Reflect  .   (helmet restricted)
rElec    .         Harm     .   (no cloak)
rCorr    .         Rampage  .   (no gloves)
Will     .....                  (no boots)
Stlth    +.........             (no amulet)
HPRegen  0.09/turn              n - ring of protection from cold
MPRegen  0.09/turn              q - +4 ring of protection {=R}

@: attractive
A: reduced essence, antennae 1, sturdy frame 1
a: Renounce Religion, Recall Ancestor, Ancestor Identity


You were on level 3 of the Dungeon.
You worshipped Hepliaklqana.
Hepliaklqana was aware of your devotion.
You visited 1 branch of the dungeon, and saw 3 of its levels.

You collected 132 gold pieces.

Inventory:

Hand Weapons
 a - a +0 trident
 b - a +1 dagger of draining (weapon)
 l - a +0 hunting sling
Missiles
 d - 3 throwing nets (quivered)
Armour
 c - a +0 helmet
 g - a +0 leather armour (worn)
Magical Staves
 e - a staff of poison
 s - a staff of cold
Jewellery
 k - a ring of protection from fire
 m - a ring of fire
 n - a ring of protection from cold (left hand)
 q - a +4 ring of protection (right hand) {=R}
Scrolls
 f - a scroll of enchant armour {unknown}
 h - a scroll of brand weapon {unknown}
 o - a scroll of enchant weapon {unknown}
 p - a scroll of identify {@r1}
 r - a scroll of torment {unknown}
Potions
 i - a potion of attraction


   Skills:
 - Level 2.0 Fighting
 + Level 4.8 Polearms
 - Level 1.7 Throwing
 - Level 2.6 Dodging


You had 3 spell levels left.
You didn't know any spells.
Your spell library contained the following spells:

 Spells                   Type           Power      Damage    Failure   Level
 Gell's Gravitas          Tloc           0%         N/A       75%         3
 Lesser Beckoning         Tloc           0%         N/A       75%         3
 Teleport Other           Tloc           0%         N/A       75%         3


Dungeon Overview and Level Annotations

Branches:
Dungeon (3/15)

Altars:
Hepliaklqana
Sif Muna

Shops:
D:3 *


Innate Abilities, Weirdness & Mutations

Your life essence is reduced to manifest your ancestor. (-10% HP)
You have a pair of small antennae on your head.
Your movements are slightly less encumbered by armour. (ER -2)


Message History

You kill the frilled lizard!
Dusana closely misses the goblin.
You hit the goblin.
The goblin is heavily wounded.
The goblin hits you but does no damage.
Dusana hits the goblin.
The goblin dies!
The water moccasin bites you but does no damage.
The orc hits you with a +0 hand axe. The orc barely misses you.
The water moccasin bites you.
Dusana barely misses the water moccasin.
You see here a +0 dagger.
Okay, then.
Dusana hits the water moccasin.
As you read the scroll labelled BEKIGI TEUMI, it crumbles to dust.
It is a scroll of identify.
j - 2 scrolls of fear The water moccasin completely misses you.
Dusana hits the water moccasin but does no damage.
As you read the scroll of fear, it crumbles to dust.
You assume a fearsome visage.
The orc looks frightened!
The water moccasin resists with some effort.
The water moccasin closely misses you.
The water moccasin bites you but does no damage.
The orc hits Dusana with a +0 hand axe!
Dusana hits the water moccasin.
As you read the scroll of fear, it crumbles to dust.
You assume a fearsome visage.
The water moccasin looks frightened!
The water moccasin bites Dusana!
Dusana is destroyed!
The orc priest casts a cantrip, but nothing happens.
Found 27 stones.
There is an escape hatch in the floor here.
The orc priest invokes the aid of Beogh against you.
Beogh smites you!
* * * LOW HITPOINT WARNING * * *
It was a potion of attraction.
You feel attractive to monsters.
The orc priest mumbles some strange prayers to Beogh against you.
Beogh smites you!
Ouch! That really hurt!
You die...

#.. ##.###.##.# # .
#.###.##.# . #..##....#
#.##.##.#### #.##.##.# #
#.......# # #. #..).##.#
..# #.##.##.†#.####..(#
#....#†..†@{.......
##..#.#.#.>o#####
#####..............#
#.............####o#
#.......###..#..)#.#
#............#.....#
#......#.##..###o###...
########...#>.o.o.{.....
###.######.o.....


You could see an orc priest and an orc.

Vanquished Creatures
  An adder (D:2)
  3 worms (D:2)
  A dart slug (D:1)
  2 orcs
  4 ball pythons
  6 endoplasms
  A giant cockroach (D:2)
  4 goblins
  6 hobgoblins
  10 jackals
  A kobold (D:1)
  5 quokkas
  9 bats
  3 frilled lizards
  5 rats
61 creatures vanquished.

Vanquished Creatures (collateral kills)
  A goblin (D:3)
  3 jackals (D:3)
4 creatures vanquished.

Vanquished Creatures (others)
  An ancestor (D:3)
1 creature vanquished.

Grand Total: 66 creatures vanquished

Notes
Turn   | Place    | Note
-------+----------+-------------------------------------------
     0 | D:1      | dolemite99 the Demonspawn Gladiator began the quest for the
                  | Orb.
     0 | D:1      | Reached XP level 1. HP: 16/16 MP: 1/1
   141 | D:1      | Reached skill level 3 in Polearms
   199 | D:1      | Gained mutation: You have a pair of small antennae on your
                  | head. [demonic ancestry]
   199 | D:1      | Reached XP level 2. HP: 22/22 MP: 2/2
   922 | D:1      | Gained mutation: Your movements are slightly less
                  | encumbered by armour. (ER -2) [demonic ancestry]
   922 | D:1      | Reached XP level 3. HP: 27/27 MP: 3/3
  1105 | D:1      | Reached skill level 4 in Polearms
  1765 | D:2      | Reached XP level 4. HP: 15/33 MP: 4/4
  2008 | D:2      | Found a shimmering blue altar of Sif Muna.
  2194 | D:3      | Found Gugenin's General Store.
  2273 | D:3      | Found a faded altar of an unknown god.
  2281 | D:3      | Became a worshipper of Hepliaklqana the Forgotten
  2281 | D:3      | Reached * piety under Hepliaklqana
  2378 | D:3      | Noticed a water moccasin
  2398 | D:3      | Killed from afar by an orc priest

Illustrated notes

Levels and vault maps discovered:
D:1:      lemuel_arrival_room, layout_basic, kennysheep_flooded_box,
          kennysheep_small_spiral, minmay_tetromino_s4
D:2:      layout_rooms, basic_altar
D:3:      layout_basic, serial_shops, shop, shop, nicolae_shop_crystal, shop,
          nicolae_shop_stone, basic_ecumenical_altar

Skill      XL: |  1  2  3 |
---------------+----------+-----
Polearms       | 3 4 |  4.8
Fighting       | |  2.0
Throwing       | |  1.7
Dodging        | |  2.6

Action                   |  1- 3 |  4- 6 || total
-------------------------+-------+-------++-------
Melee: Trident           |    17 |       ||    17
       Dagger            |   131 |    33 ||   164
  Use: Scroll            |       |     3 ||     3
       Potion            |       |     1 ||     1
 Stab: Sleeping          |     1 |     2 ||     3
Armor: Leather armour    |    38 |    20 ||    58
Dodge: Dodged            |    99 |    23 ||   122
